 Dungeon Crawl Stone Soup version 0.18-a0-60-g15541d7 (webtiles) character file.

246 Duffy the Skirmisher (level 6, -3/53 HPs)
             Began as a Formicid Artificer on Nov 9, 2015.
             Slain by a gnoll sergeant
             ... wielding a +0 spear
              (10 damage)
             ... on level 4 of the Dungeon.
             The game lasted 00:05:20 (4161 turns).

Duffy the Skirmisher (Formicid Artificer)           Turns: 4161, Time: 00:05:20

Health: -3/53      AC:  5    Str: 15    XL:     6   Next: 33%
Magic:  8/8        EV: 12    Int: 12    God:
Gold:   108        SH:  0    Dex: 13    Spells: 0 memorised, 5 levels left

rFire  . . .     SeeInvis +     v - +0 rapier
rCold  + . .     Clarity  .     b - +0 leather armour
rNeg   . . .     SustAt   .     (no shield)
rPois  .         Gourm    .     (helmet unavailable)
rElec  .         Spirit   .     u - +0 cloak (curse)
rCorr  .         Warding  .     h - +0 pair of gloves
rMut   .         Stasis   +     (no boots)
MR     +....                    (no amulet)
Stlth  +.........               x - ring of protection from magic
                                g - ring of protection from cold

@: somewhat resistant to hostile enchantments, very unstealthy
A: permanent stasis, dig shafts and tunnels, four strong arms, antennae 3
a: Dig, Shaft Self


You were on level 4 of the Dungeon.
You were hungry.

You visited 1 branch of the dungeon, and saw 4 of its levels.

You collected 108 gold pieces.


Innate Abilities, Weirdness & Mutations

You are under a permanent stasis effect.
You can dig through walls and to a lower floor.
Your four strong arms can wield two-handed weapons with a shield.
You have a pair of large antennae on your head (SInv).


   Skills:
 + Level 6.4 Fighting
 - Level 1.0 Short Blades
 - Level 2.0 Dodging
 - Level 1.2 Stealth
 - Level 3.2 Evocations


You had 5 spell levels left.
You didn't know any spells.

Inventory:

Hand Weapons
 a - a +0 short sword
 v - a +0 rapier (weapon)
Missiles
 q - 60 stones (quivered)
 A - 22 poisoned needles
Armour
 b - a +0 leather armour (worn)
 h - a +0 pair of gloves (worn)
 u - a cursed +0 cloak (worn)
Jewellery
 g - a ring of protection from cold (left hand)
 x - a ring of protection from magic (right hand)
Wands
 c - a wand of flame (15)
 d - a wand of enslavement (13)
 e - a wand of random effects (15)
Scrolls
 i - a scroll of enchant armour {unknown}
 j - a scroll of recharging {unknown}
 o - 2 scrolls of blinking {unknown}
 r - a scroll of fear {unknown}
 s - 2 scrolls of fog {unknown}
 t - 5 scrolls of remove curse {unknown}
 y - a scroll of teleportation {unknown}
 z - a scroll of identify {unknown}
Potions
 k - a potion of degeneration {unknown}
 l - a potion of resistance {unknown}
 n - a potion of brilliance {unknown}
 p - 2 potions of curing {unknown}
Comestibles
 f - 2 bread rations
 m - a slice of pizza

Dungeon Overview and Level Annotations

Branches:
Dungeon (4/15)
 Temple: D:4-7

Altars:
Fedhas
Makhleb
Okawaru
Vehumet


Message History

The gnoll sergeant is moderately wounded.
The gnoll sergeant barely misses you.
You barely miss the gnoll sergeant.
The gnoll sergeant is moderately wounded.
The gnoll sergeant hits you but does no damage.
You hit the gnoll sergeant but do no damage.
The gnoll sergeant is moderately wounded.
The gnoll sergeant completely misses you.
You completely miss the gnoll sergeant.
The gnoll sergeant is moderately wounded.
The gnoll sergeant hits you with a spear!
The gnoll sergeant hits you but does no damage.
You hit the gnoll sergeant but do no damage.
The gnoll sergeant is moderately wounded.
The gnoll sergeant closely misses you.
You puncture the gnoll sergeant!
The gnoll sergeant is heavily wounded.
You are feeling hungry.
The gnoll sergeant closely misses you. The gnoll sergeant blocks your attack.
The gnoll sergeant is heavily wounded.
The gnoll sergeant hits you but does no damage.
You hit the gnoll sergeant.
The gnoll sergeant is heavily wounded.
The gnoll sergeant completely misses you.
The gnoll sergeant blocks your attack.
The gnoll sergeant is heavily wounded.
The gnoll sergeant hits you but does no damage.
You closely miss the gnoll sergeant.
The gnoll sergeant is heavily wounded.
The gnoll sergeant hits you with a spear.
You hit the gnoll sergeant but do no damage.
The gnoll sergeant is heavily wounded.
The gnoll sergeant hits you with a spear!
You die...

### ### ##.. # #@###..P PP .#
######## ##g##.PPP.P..#
###......#######.###.PP_PP..##
..#......#......#.{...PP{.....
.>#......#......+.{{+.{PPP....
..'......#..##..##{.##........
..#......#..##..##..##...#
..#......'...#..'....(.(.#
..#......#..##..##..######


You could see a gnoll sergeant.

Action                   |  1- 3 |  4- 6 || total
-------------------------+-------+-------++-------
Melee: Short sword       |   137 |    14 ||   151
       Rapier            |       |   217 ||   217
 Abil: Dig               |       |     4 ||     4
Evoke: Wand              |       |     2 ||     2
 Stab: Sleeping          |     1 |     2 ||     3
  Eat: Chunk             |     2 |     7 ||     9
       Fruit             |       |     2 ||     2

Notes
Turn   | Place    | Note
--------------------------------------------------------------
     0 | D:1      | Duffy the Formicid Artificer began the quest for the Orb.
     0 | D:1      | Reached XP level 1. HP: 15/15 MP: 3/3
   121 | D:1      | Reached skill level 2 in Dodging
   621 | D:1      | Reached XP level 2. HP: 19/22 MP: 4/4
   756 | D:1      | Reached skill level 2 in Fighting
  1233 | D:2      | Noticed Ijyb
  1313 | D:1      | Killed Ijyb
  1313 | D:1      | Reached skill level 3 in Fighting
  1313 | D:1      | Reached XP level 3. HP: 19/29 MP: 5/5
  1624 | D:2      | Reached XP level 4. HP: 18/37 MP: 6/6
  1804 | D:2      | Reached skill level 4 in Fighting
  2007 | D:2      | Found a radiant altar of Vehumet.
  2007 | D:2      | Found a burning altar of Makhleb.
  2279 | D:2      | Found an iron altar of Okawaru.
  2572 | D:2      | Reached XP level 5. HP: 23/43 MP: 7/7
  2876 | D:2      | Reached skill level 5 in Fighting
  2997 | D:3      | Noticed a water moccasin
  3641 | D:4      | Reached XP level 6. HP: 38/52 MP: 8/8
  3750 | D:4      | Reached skill level 6 in Fighting
  4119 | D:4      | Found a blossoming altar of Fedhas.
  4161 | D:4      | Slain by a gnoll sergeant

Vault maps used:
D:1:      mrwooster_arrival_statue
D:2:      gammafunk_temple_overflow_wave, okawaru_metal_pillars_1_2, uniq_iyjb
D:3:      nicolae_ru_awakened_eye, uniq_grinder
D:4:      fedhas_bush_and_centaur_altar, cheibrodos_ashenzari_chains,
          cheibriados_altar_wand_db, first_bread, uniq_edmund, uniq_robin

Vanquished Creatures
  A hound Ijyb
  An orc wizard
  2 worker ants
  5 adders
  3 worms
  4 orcs
  A ball python
  7 bats
  3 giant cockroaches
  5 hobgoblins
  5 giant geckos
  A giant newt
  6 goblins
  6 kobolds
  7 rats
58 creatures vanquished.
